Map: Prion Terraces

Players

Fropez

  • Race: Protoss Protoss
  • League: Silver
  • Spawn Location: 5:00

corrupt - Winner!

  • Race: Zerg Zerg
  • League: Bronze
  • Spawn Location: 11:00

VOD

Have the link to the VOD?

Description

Time

  • Played on: April 7, 2016, 5:09 p.m.
  • Length: 15:23
Show
View Real Time Build Order
Export as new Build Order

Fropez Protoss 

Build Orders: Double Forge, Nexus First 

Get SALT Encoding   

  12  0:28  Pylon  
  12  0:31  Probe (Chrono Boost)  
  13  0:42  Probe (Chrono Boost)  
  14  0:55  Nexus  
  14  0:57  Probe (Chrono Boost)  
  15  1:08  Probe (Chrono Boost)  
  16  1:14  Gateway  
  16  1:24  Probe (Chrono Boost)  
  17  1:33  Gateway  
  17  1:38  Pylon  
  17  1:42  Probe (Chrono Boost)  
  18  1:52  Probe (Chrono Boost)  
  18  1:53  Assimilator  
  19  1:56  Assimilator  
  19  2:01  Zealot  
  19  2:03  Probe (Chrono Boost)  
  22  2:13  Probe (Chrono Boost)  
  23  2:19  Probe (Chrono Boost)  
  24  2:24  Probe (Chrono Boost)  
  25  2:33  Probe (Chrono Boost)  
  25  2:35  Probe (Chrono Boost)  
  27  2:37  Pylon  
  27  2:45  Zealot  
  27  2:51  Pylon  
  29  2:54  Assimilator  
  29  2:57  Assimilator  
  29  3:09  Cybernetics Core  
  29  3:15  Probe x2 (Chrono Boost)  
  29  3:16  Pylon  
  31  3:23  Zealot  
  35  3:27  Zealot  
  35  3:31  Probe (Chrono Boost)  
  36  3:40  Probe (Chrono Boost)  
  37  3:50  Pylon  
  37  3:53  Probe (Chrono Boost)  
  38  3:56  Stalker  
  38  4:00  Warp Gate (Chrono Boost)  
  40  4:06  Mothership Core (Chrono Boost)  
  42  4:14  Stalker  
  42  4:16  Probe (Chrono Boost)  
  45  4:17  Pylon  
  45  4:31  Forge  
  45  4:32  Probe  
  45  4:34  Forge  
  46  4:40  Stalker  
  48  4:48  Probe  
  48  4:49  Stalker  
  51  5:08  Probe  
  51  5:11  Probe  
  52  5:22  Gateway  
  52  5:24  Probe, Gateway  
  52  5:25  Twilight Council  
  52  5:27  Probe  
  52  5:28  Stalker  
  56  5:30  Protoss Ground Weapons Level 1  
  56  5:34  Protoss Ground Armor Level 1  
  52  6:03  Blink (Chrono Boost)  
  52  6:09  Pylon  
  52  6:14  Pylon  
  52  6:15  Photon Cannon  
  48  6:20  Photon Cannon  
  48  6:24  Zealot x2  
  44  6:51  Zealot x4  
  52  7:07  Pylon  
  52  7:08  Pylon  
  52  7:15  Protoss Ground Weapons Level 2 (Chrono Boost)  
  51  7:24  Pylon  
  51  7:27  Probe  
  51  7:28  Probe  
  53  7:30  Protoss Ground Armor Level 2 (Chrono Boost)  
  53  7:39  Pylon  
  53  7:41  Stalker x3  
  53  7:43  Stalker  
  61  7:48  Pylon  
  53  8:07  Stalker x2  
  53  8:08  Stalker x2  
  61  8:17  Nexus  
  61  8:21  Pylon  
  61  8:23  Pylon  
  61  8:44  Robotics Facility  
  61  8:49  Probe x2  
  61  8:50  Dark Shrine  
  63  9:01  Probe  
  63  9:02  Probe  
  65  9:07  Stalker x3  
  65  9:08  Stalker  
  73  9:24  Gateway  
  73  9:26  Gateway  
  73  9:29  Probe  
  73  9:30  Probe  
  75  9:31  Gateway  
  75  9:33  Gateway, Protoss Ground Armor Level 3  
  75  9:36  Assimilator  
  75  9:41  Assimilator  
  75  9:42  Photon Cannon  
  75  9:47  Probe  
  75  9:48  Probe x2  
  75  9:52  Photon Cannon  
  66  10:09  Dark Templar  
  66  10:10  Dark Templar x3  
  74  10:21  Pylon  
  74  10:25  Pylon  
  74  10:26  Pylon  
  74  10:35  Observer, Photon Cannon  
  75  10:46  Charge (Chrono Boost)  
  75  10:51  Sentry x5  
  75  10:52  Sentry x3  
  65  11:28  Dark Templar x4  
  65  11:29  Dark Templar x2  
  62  11:54  Probe  
  62  11:55  Probe x2  
  65  12:05  Probe  
  65  12:07  Protoss Shields Level 1, Probe x2  
  68  12:15  Probe  
  67  12:19  Probe  
  67  12:20  Probe  
  66  12:23  Protoss Ground Weapons Level 3  
  66  12:26  Probe  
  65  12:32  Probe x2  
  65  12:34  Dark Templar  
  65  12:35  Dark Templar x3  
  65  12:36  Probe  
  75  12:40  Assimilator  
  75  12:44  Probe x2  
  78  12:47  Pylon  
  78  12:53  Gateway x2  
  78  12:58  Photon Cannon x2  
  78  13:12  Pylon  
  78  13:16  Pylon  
  78  13:19  Probe x2  
  80  13:32  Pylon  
  80  13:45  Pylon  
  80  13:54  Nexus  
  80  14:02  Pylon  
  80  14:07  Dark Templar x2  
  80  14:08  Dark Templar x3  
  90  14:10  Archon x3  
  90  14:11  Archon x4  
  90  14:12  Archon x2  
  90  14:26  Pylon  
  90  14:32  Dark Templar  
  92  14:45  Assimilator  
  92  14:48  Assimilator  
  92  14:51  Pylon  
  92  15:02  Zealot x3  
  92  15:03  Zealot x2  
  102  15:11  Pylon  
  102  15:13  Photon Cannon  
  90  15:15  Pylon  
  90  15:16  Dark Templar  
Show
View Real Time Build Order
Export as new Build Order

corrupt Zerg - Winner!

Build Orders: Hatch First 

Get SALT Encoding   

  12  0:06  Drone  
  13  0:10  Drone  
  14  0:20  Overlord  
  14  0:38  Drone x2  
  14  0:40  Drone  
  17  0:50  Drone  
  18  0:58  Hatchery  
  18  1:02  Drone  
  18  1:17  Spawning Pool, Drone  
  18  1:25  Extractor  
  17  1:30  Drone  
  18  1:56  Drone x3  
  18  1:58  Hatchery  
  20  2:04  Queen  
  22  2:10  Zergling x2  
  23  2:17  Overlord  
  23  2:26  Drone x2  
  25  2:36  Drone x2  
  27  2:41  Metabolic Boost  
  27  2:56  Drone x4  
  31  3:03  Queen x2  
  35  3:16  Drone x2  
  37  3:22  Extractor  
  36  3:32  Drone x3  
  36  3:33  Drone  
  36  3:34  Drone x2  
  42  3:37  Extractor, Drone  
  42  3:39  Overlord x4  
  42  3:43  Roach Warren  
  41  3:57  Queen  
  41  4:00  Drone x3  
  46  4:14  Zergling x12  
  52  4:17  Overlord  
  52  4:18  Overlord  
  52  4:51  Roach  
  52  4:52  Roach x12  
  77  5:06  Overlord x3  
  77  5:11  Lair  
  77  5:15  Evolution Chamber  
  77  5:17  Evolution Chamber  
  75  5:31  Drone x9  
  83  6:03  Zerg Melee Weapons Level 1, Zerg Ground Armor Level 1  
  83  6:08  Drone x5  
  83  6:10  Extractor  
  87  6:12  Extractor  
  83  6:22  Hatchery  
  68  6:38  Drone x4  
  72  6:40  Drone  
  72  6:41  Drone  
  74  7:02  Drone  
  74  7:04  Drone  
  74  7:05  Drone x16  
  92  7:12  Infestation Pit, Drone  
  92  7:13  Drone  
  92  7:14  Hydralisk Den  
  92  7:23  Drone x3  
  92  7:24  Extractor  
  92  7:25  Drone  
  95  7:31  Glial Reconstitution  
  95  7:43  Roach  
  105  7:44  Roach x11  
  117  8:03  Overlord x7  
  117  8:08  Muscular Augments  
  117  8:09  Zerg Melee Weapons Level 2  
  117  8:10  Zerg Ground Armor Level 2  
  117  8:33  Hatchery  
  116  8:35  Hydralisk  
  116  8:36  Hydralisk x16  
  150  8:47  Hatchery  
  148  9:09  Zergling x6  
  155  9:10  Zergling x16  
  159  9:21  Zergling x2  
  159  9:22  Zergling x12  
  162  10:01  Drone x11  
  162  10:02  Drone x3  
  176  10:11  Zergling x2  
  176  10:12  Zergling x18  
  186  10:16  Hive  
  186  10:22  Lurker Den  
  186  10:25  Zerg Missile Weapons Level 1  
  186  10:40  Extractor x2  
  184  10:43  Overlord x3  
  184  10:44  Overlord  
  184  10:46  Overseer x4  
  150  11:25  Zergling x2  
  150  11:26  Zergling x32  
  150  11:27  Zergling x26  
  164  11:34  Spire  
  117  11:54  Ultralisk Cavern  
  108  12:20  Adrenal Glands  
  90  12:22  Zerg Melee Weapons Level 3  
  90  12:23  Zerg Ground Armor Level 3  
  90  12:29  Zergling x2  
  90  12:30  Zergling x52  
  113  12:41  Hatchery  
  113  12:43  Hatchery  
  111  12:49  Ultralisk x3  
  111  12:50  Ultralisk x3  
  147  12:52  Hatchery  
  147  12:58  Chitinous Plating  
  146  13:08  Ultralisk x8  
  146  13:09  Zergling x2  
  146  13:10  Zergling x2  
  196  13:50  Overseer x2  
  196  13:51  Overseer x2  
  196  13:57  Overlord x5  
  196  14:57  Hatchery  
  195  15:02  Hatchery  
  195  15:03  Hatchery  
  193  15:08  Spine Crawler  
  193  15:09  Spine Crawler x2  
  193  15:10  Spine Crawler x2  
  193  15:11  Spine Crawler x2  
  193  15:12  Spine Crawler x5  
  193  15:13  Spine Crawler, Hatchery  
  174  15:16  Spine Crawler  
  174  15:18  Spine Crawler  
Tags
 
Add a new tag
Caveats
  • Supply blocks, unpowered buildings, or Contaminate may cause inaccurate times.
  • Supply counts are checked every 10 seconds.